 Dungeon Crawl Stone Soup version 0.27-a0-1071-ga85bd9520d (webtiles) character file.

Game seed: 3512833714493528393

162 shoop the Shooter (level 5, -10/63 HPs)
             Began as a Demonspawn Hunter on Apr 24, 2021.
             Mangled by Ijyb
             ... wielding a +8 club
              (11 damage)
             ... on level 4 of the Dungeon on Apr 25, 2021.
             The game lasted 00:06:25 (4252 turns).

shoop the Shooter (Demonspawn Hunter)               Turns: 4252, Time: 00:06:26

Health: -10/63     AC: 22    Str: 13    XL:     5   Next: 19%
Magic:  5/5        EV:  2    Int: 12    God:
Gold:   114        SH:  0    Dex: 14    Spells: 4/4 levels left

rFire    . . .     SeeInvis +   a - +1 shortbow
rCold    . . .     Faith    .   (shield currently unavailable)
rNeg     + + +     Spirit   .   (armour currently unavailable)
rPois    +         Reflect  .   (helmet currently unavailable)
rElec    .         Harm     .   (cloak currently unavailable)
rCorr    .         Rampage  .   (gloves currently unavailable)
Will     .....     NoTele   +   (boots currently unavailable)
Stlth    ++........             (no amulet)
HPRegen  0.20/turn              j - ring of positive energy
MPRegen  0.18/turn              q - ring of see invisible

@: mighty, tree-form
A: stationary, stasis, torment immunity, boosted hp, (large bone plates 1),
ignite blood 1, magic regeneration
a: no special abilities


You were on level 4 of the Dungeon.
You were a tree.
You visited 1 branch of the dungeon, and saw 4 of its levels.

You collected 114 gold pieces.

Inventory:

Hand Weapons
 a - a +1 shortbow (weapon)
 b - a +0 short sword
Missiles
 d - 32 arrows (quivered ammo)
Armour
 c - a +0 leather armour (melded)
 o - a +0 cloak (melded)
Jewellery
 i - a ring of fire
 j - a ring of positive energy (left branch)
 q - a ring of see invisible (right branch)
Scrolls
 h - a scroll of acquirement {unknown}
 k - 2 scrolls of identify {unknown}
 m - a scroll of enchant armour {unknown}
 n - a scroll of holy word {unknown}
Potions
 e - a potion of lignification
 f - a potion of might
 g - a potion of degeneration {unknown}
 l - a potion of curing {unknown}
 p - a potion of magic {unknown}


   Skills:
 + Level 4.0 Fighting
 + Level 4.9 Bows
 - Level 1.7 Dodging
 - Level 1.0 Stealth


You had 4 spell levels left.
You didn't know any spells.
Your spell library was empty.

Dungeon Overview and Level Annotations

Branches:
Dungeon (4/15)
 Temple: D:4-7

Altars:
The Shining One

Annotations:
D:4 Grinder, Ijyb


Innate Abilities, Weirdness & Mutations

You are a tree.
Your roots penetrate the ground, keeping you stationary.
You cannot be teleported.
You are immune to unholy pain and torment.
Your maximum health is greatly increased.
Your equipment is partially melded.
((You are partially covered in large bone plates. (SH +4)))
Your demonic aura sometimes causes spilled blood to erupt in flames You regenerate magic rapidly.


Message History

Ijyb is lightly wounded.
Ijyb screams, "No!
No, no, no, no!"
Ijyb zaps a wand.
The puff of flame hits you.
You shoot an arrow. The arrow hits the adder skeleton.
The adder skeleton is moderately damaged.
Ijyb screams, "Me stronger than you!"
You shoot an arrow. The arrow hits Ijyb.
Ijyb is lightly wounded.
Ijyb misses you.
You shoot an arrow. The arrow barely misses Ijyb.
The arrow barely misses the adder skeleton.
Ijyb closely misses you.
You shoot an arrow. The arrow barely misses Ijyb.
The arrow hits the adder skeleton!
The adder skeleton is almost destroyed.
Ijyb hits you with a +8 club.
You shoot an arrow. The arrow hits Ijyb but does no damage.
Ijyb is lightly wounded.
Ijyb hits you with a +8 club!
* * * LOW HITPOINT WARNING * * *
Okay, then.
Fire: 33 arrows
Press: ? - help, Q - select action Shift-Dir - straight line, f/p - Ijyb
Aim: Ijyb, wielding a +8 club, wearing a +0 scale mail and carrying a wand of flame (16) (lightly wounded, 61% to hit)
You shoot an arrow. The arrow hits Ijyb but does no damage.
Ijyb is lightly wounded.
Ijyb zaps a wand.
The puff of flame hits you!
* * * LOW HITPOINT WARNING * * *
Save game and exit?
Level annotation: Grinder, Ijyb Welcome back, shoop the Demonspawn Hunter.
Press ? for a list of commands and other information.
It was a potion of lignification.
You turn into a tree.
Your +0 cloak melds into your body.
Your +0 leather armour melds into your body.
Your roots penetrate the ground.
Ijyb hits you but does no damage.
It was a potion of might.
You feel very mighty all of a sudden. Ijyb hits you with a +8 club!
You die...

#5..#
######.#
#$...#.#
#....#.#
#....'<#
#....###
#....###
#.?....#
#.....#♣#
#.#####g#####
#. #Z....# #
#.....#
#.....#
.(....#
.._......#
...(.####.#
.....## .#


You could see Ijyb and an adder skeleton.

Vanquished Creatures
  An orc priest (D:2)
  4 gnolls (D:3)
  An adder (D:2)
  3 dart slugs
  6 orcs
  2 ball pythons
  8 bats
  9 endoplasms
  2 giant cockroaches
  6 goblins
  4 hobgoblins
  5 jackals
  4 quokkas
  5 frilled lizards
  5 kobolds
  4 rats
69 creatures vanquished.

Notes
Turn   | Place    | Note
-------+----------+-------------------------------------------
     0 | D:1      | shoop the Demonspawn Hunter began the quest for the Orb.
     0 | D:1      | Reached XP level 1. HP: 16/16 MP: 1/1
    15 | D:1      | Reached skill level 1 in Stealth
   357 | D:1      | Gained mutation: Your demonic aura sometimes causes spilled
                  | blood to erupt in flames [demonic ancestry]
   357 | D:1      | Reached XP level 2. HP: 7/23 MP: 2/2
  1040 | D:1      | Reached XP level 3. HP: 21/28 MP: 3/3
  1680 | D:2      | Found a faded altar of an unknown god.
  2538 | D:2      | Gained mutation: You regenerate magic rapidly. [demonic
                  | ancestry]
  2538 | D:2      | Reached XP level 4. HP: 33/35 MP: 4/4
  3460 | D:3      | Gained mutation: You are partially covered in large bone
                  | plates. (SH +4) [demonic ancestry]
  3460 | D:3      | Reached XP level 5. HP: 21/42 MP: 5/5
  4104 | D:4      | Noticed a phantom
  4223 | D:4      | Noticed Grinder
  4236 | D:4      | Noticed Ijyb
  4250 | D:4      | HP: 1/42 [Ijyb/puff of flame (7)]
  4252 | D:4      | Mangled by Ijyb

Illustrated notes

Levels and vault maps discovered:
D:1:      grunt_arrival_lava_bath, layout_rooms, minivault_23
D:2:      layout_loops_ring, chequers_ecumenical_altar_simple_redux,
          ebering_dispersal_statue_hall
D:3:      layout_basic, grunt_ministairs_13
D:4:      layout_basic, nicolae_overflow_crystal_walls, mrwooster_statue_mirror,
          uniq_grinder, uniq_ijyb, uniq_menkaure

Skill      XL: |  1  2  3  4 |
---------------+-------------+-----
Stealth        | 1 |  1.0
Bows           | 4 |  4.9
Fighting       | 3 4 |  4.0
Dodging        | |  1.7

Action                   |  1- 3 |  4- 6 || total
-------------------------+-------+-------++-------
Melee: Short sword       |   186 |    97 ||   283
 Fire: Shortbow          |    15 |    26 ||    41
  Use: Potion            |       |     2 ||     2
 Stab: Sleeping          |     2 |       ||     2
Armor: Leather armour    |    58 |    19 ||    77
       Skin              |       |     1 ||     1
Dodge: Dodged            |   118 |    60 ||   178
Block: Other             |       |     5 ||     5

Table legend: (Time is in decaauts)
 A = Elapsed time spent in this place.
 B = Non-inter-level travel time spent in this place.
 C = Inter-level travel time spent in this place.
 D = Time resting spent in this place.
 E = Time spent auto-exploring this place.
 F = Levels seen in this place.
 G = Mean time per level.
                   A        B        C        D        E       F      G
               +--------+--------+--------+--------+--------+-----+--------+
         Total |   4276 |   4145 |    131 |    411 |   3047 |   4 | 1069.0 |
       Dungeon |   4276 |   4145 |    131 |    411 |   3047 |   4 | 1069.0 |
               +--------+--------+--------+--------+--------+-----+--------+

Top non-repeatable levels by time:
     D:2: 1577 daAuts
     D:1: 1572 daAuts
     D:3: 1005 daAuts
     D:4: 121 daAuts
